 Dungeon Crawl Stone Soup version 0.29-a0-319-gad05b8d819 (webtiles) character file.

Game seed: 10238591352529149083

895 zazu2006 the Chucker (level 8, -2/67 HPs)
             Began as a Gnoll Wanderer on Apr 1, 2022.
             Slain by an orc wizard
             ... wielding a +2 dagger of protection
              (4 damage)
             ... on level 3 of the Dungeon.
             The game lasted 00:11:50 (4561 turns).

zazu2006 the Chucker (Gnoll Wanderer)               Turns: 4561, Time: 00:11:51

Health: -2/67      AC:  6    Str: 10    XL:     8   Next: 6%
Magic:  6/14       EV: 12    Int: 14    God:
Gold:   100        SH:  0    Dex: 13    Spells: 11/15 levels left

rFire   . . .      SeeInvis .   a - +3 dagger
rCold   . . .      Faith    .   (no shield)
rNeg    + . .      Spirit   .   n - +0 leather armour
rPois   .          Reflect  .   (no helmet)
rElec   .          Harm     .   (no cloak)
rCorr   .          Rampage  .   (no gloves)
Will    +....                   o - +0 pair of boots
Stlth   ++........              (no amulet)
HPRegen 0.21/turn               m - ring of positive energy
MPRegen 0.14/turn               (no ring)

@: no status effects
A: fangs 1, strong nose, distributed training, iridescent scales 1,
strong-willed 1
a: no special abilities


You were on level 3 of the Dungeon.
You visited 1 branch of the dungeon, and saw 4 of its levels.
You also visited: Sewer.

You collected 100 gold pieces.

Inventory:

Hand Weapons
 a - a +3 dagger (weapon)
 h - a +1 vorpal hand axe
 p - a +1 dagger of holy wrath
Missiles
 b - 4 curare-tipped darts (quivered)
 d - 6 stones
 u - 17 poisoned darts
Armour
 n - a +0 leather armour (worn)
 o - a +0 pair of boots (worn)
Magical Staves
 l - a staff of conjuration
 q - a staff of air
Jewellery
 m - a ring of positive energy (left hand)
Wands
 y - a wand of flame (16)
Scrolls
 c - a scroll of teleportation
 e - 2 scrolls of fear {unknown}
 f - 2 scrolls of enchant weapon {unknown}
 i - 2 scrolls of magic mapping {unknown}
 j - 4 scrolls of identify
 k - a scroll of fog {unknown}
 r - a scroll of noise {unknown}
Potions
 g - 2 potions of cancellation
 s - 2 potions of resistance
 v - a potion of experience {unknown}
 w - a potion of invisibility {unknown}
 z - 2 potions of heal wounds {unknown}
 A - 2 potions of curing {unknown}


   Skills:
 + Level 7.2 Fighting
 + Level 2.9 Short Blades
 + Level 2.9 Long Blades
 + Level 2.9 Axes
 + Level 2.9 Maces & Flails
 + Level 2.9 Polearms
 + Level 2.9 Staves
 + Level 2.9 Slings
 + Level 2.9 Bows
 + Level 2.9 Crossbows
 + Level 7.2 Throwing
 + Level 2.9 Armour
 + Level 2.9 Dodging
 + Level 2.9 Stealth
 + Level 2.9 Shields
 + Level 2.9 Unarmed Combat
 + Level 4.1 Spellcasting
 + Level 2.3 Conjurations
 + Level 2.3 Hexes
 + Level 2.3 Summonings
 + Level 2.3 Necromancy
 + Level 2.3 Translocations
 + Level 2.3 Transmutations
 + Level 2.3 Fire Magic
 + Level 2.3 Ice Magic
 + Level 2.3 Air Magic
 + Level 6.0 Earth Magic
 + Level 2.3 Poison Magic
 + Level 3.2 Invocations
 + Level 2.9 Evocations


You had 11 spell levels left.
You knew the following spells:

 Your Spells              Type           Power      Damage    Failure   Level
a - Sandblast             Erth           38%        2d10      2%          1
b - Stone Arrow           Conj/Erth      28%        3d8       14%         3

Your spell library contained the following spells:

 Spells                   Type           Power      Damage    Failure   Level
 Apportation              Tloc           18%        N/A       10%         1
 Shock                    Conj/Air       36%        1d5       10%         1
 Swiftness                Air            9%         N/A       28%         3
 Airstrike                Air            4%         N/A       67%         4
 Alistair's Intoxication  Tmut/Pois      6%         N/A       95%         5


Dungeon Overview and Level Annotations

Branches:
Dungeon (4/15)              Sewer (visited)
 Temple: D:4-7

Altars:
Ashenzari

Annotations:
D:3 3 runed translucent doors, siradein's ghost, weakling DsHu
D:4 Dowan; Duvessa


Innate Abilities, Weirdness & Mutations

You have very sharp teeth.
Your uncanny sense of smell can sniff out nearby items.
Your experience applies equally to all skills.
You are partially covered in iridescent scales. (AC +2)
You are strong-willed. (Will+)


Message History

Press: ? - help, Shift-Dir - straight line Something hits you but does no damage.
Unknown command.
You miss something. Something hits you.
You closely miss something. Something hits you.
* * * LOW HITPOINT WARNING * * *
You barely miss something.
You hear some strange, mumbled words.
A magic dart appears from out of thin air!
The magic dart hits you!
* * * LOW HITPOINT WARNING * * *
You barely miss something. You hit something but do no damage.
Your punch misses something.
You hear some strange, mumbled words.
You are confused.
Unknown command.
It was a potion of cancellation.
Your magical effects are unravelling.
You feel magically purged.
You feel less confused. Something hits you.
* * * LOW HITPOINT WARNING * * *
You feel very mighty all of a sudden. Something hits you but does no damage.
You hit something but do no damage. Something hits you.
* * * LOW HITPOINT WARNING * * *
You closely miss something. Something hits you.
* * * LOW HITPOINT WARNING * * *
You miss something. Something hits you.
* * * LOW HITPOINT WARNING * * *
Your magical effects are unravelling.
You feel magically purged.
You feel a little less mighty now. Something hits you.
* * * LOW HITPOINT WARNING * * *
It was a potion of mutation.
You feel extremely strange.
Iridescent scales grow over part of your body.
You feel strong-willed. Something hits you.
You die...

########### ####...#
#.........# ##...##
#.........#
#########.....#
#.........#
#.......#......
#.........#
#.........#.##.
#.........#
#........##.##.
#......†))#
#........##.###
#......[>{###........##.#
######.##.@.#..<.....##.#
#..###.....#.##.##.#
##.####......##.##.#
#...##......##.##.# #
###......#.....##.#.#
###..###....###.#..
##..##.#....#.##.
##..#.†.##.#.#.!
##..##....#.##(


There were no monsters in sight!

Vanquished Creatures
  Grinder (D:3)
  4 kobold brigands (Sewer)
  A necrophage (D:3)
  Jessica (D:3)
  Natasha (thrice) (D:3)
  7 gnolls
  6 adders
  7 river rats (Sewer)
  3 orcs (D:3)
  8 ball pythons
  2 endoplasms
  5 giant cockroaches
  4 goblins
  3 hobgoblins
  2 jackals (D:3)
  14 kobolds
  2 quokkas
  5 bats
  2 frilled lizards
  18 rats
  A spectral goblin (D:2)
99 creatures vanquished.

Vanquished Creatures (others)
  14 plants (D:2)
14 creatures vanquished.

Grand Total: 113 creatures vanquished

Notes
Turn   | Place    | Note
-------+----------+-------------------------------------------
     0 | D:1      | zazu2006 the Gnoll Wanderer began the quest for the Orb.
     0 | D:1      | zazu2006 set off with the following items: a +3 dagger, 3
                  | curare-tipped darts, a scroll of teleportation, 29 stones,
                  | a +0 robe; and the following spell memorised: Sandblast;
                  | and the following spells available to memorise: Stone Arrow
     0 | D:1      | Reached XP level 1. HP: 23/23 MP: 4/4
   490 | D:1      | Reached XP level 2. HP: 29/29 MP: 3/5
  1019 | D:2      | Reached XP level 3. HP: 35/35 MP: 4/7
  1025 | D:2      | Reached skill level 1 in Invocations
  1095 | D:2      | Reached skill level 1 in Short Blades
  1095 | D:2      | Reached skill level 1 in Long Blades
  1095 | D:2      | Reached skill level 1 in Axes
  1095 | D:2      | Reached skill level 1 in Maces & Flails
  1095 | D:2      | Reached skill level 1 in Polearms
  1095 | D:2      | Reached skill level 1 in Staves
  1095 | D:2      | Reached skill level 1 in Slings
  1095 | D:2      | Reached skill level 1 in Bows
  1095 | D:2      | Reached skill level 1 in Crossbows
  1095 | D:2      | Reached skill level 1 in Armour
  1095 | D:2      | Reached skill level 1 in Dodging
  1095 | D:2      | Reached skill level 1 in Stealth
  1095 | D:2      | Reached skill level 1 in Shields
  1095 | D:2      | Reached skill level 1 in Unarmed Combat
  1095 | D:2      | Reached skill level 1 in Evocations
  1106 | D:2      | Reached XP level 4. HP: 28/41 MP: 4/8
  1507 | D:2      | Found a faded altar of an unknown god.
  2021 | D:3      | Found a runed translucent gate.
  2022 | D:3      | Found a runed translucent gate.
  2023 | D:3      | Found a runed translucent gate.
  2025 | D:3      | Noticed siradein's ghost (weakling DsHu)
  2047 | D:3      | Found a broken altar of Ashenzari.
  2062 | D:3      | Noticed Natasha
  2068 | D:3      | Killed Natasha
  2069 | D:3      | Reached skill level 1 in Conjurations
  2069 | D:3      | Reached skill level 1 in Hexes
  2069 | D:3      | Reached skill level 1 in Summonings
  2069 | D:3      | Reached skill level 1 in Necromancy
  2069 | D:3      | Reached skill level 1 in Translocations
  2069 | D:3      | Reached skill level 1 in Transmutations
  2069 | D:3      | Reached skill level 1 in Fire Magic
  2069 | D:3      | Reached skill level 1 in Ice Magic
  2069 | D:3      | Reached skill level 1 in Air Magic
  2069 | D:3      | Reached skill level 1 in Poison Magic
  2138 | D:3      | Noticed Jessica
  2141 | D:3      | Killed Jessica
  2142 | D:3      | Reached XP level 5. HP: 47/47 MP: 6/9
  2196 | D:3      | Noticed Grinder
  2219 | D:3      | Killed Grinder
  2220 | D:3      | Reached XP level 6. HP: 4/53 MP: 0/11
  2405 | D:3      | Noticed Natasha
  2410 | D:3      | Killed Natasha
  2929 | D:4      | Noticed Dowan
  2931 | D:4      | Found a glowing drain.
  2940 | Sewer    | Entered a sewer
  3134 | Sewer    | Reached XP level 7. HP: 51/60 MP: 8/12
  3561 | Sewer    | Learned a level 3 spell: Stone Arrow
  4168 | D:3      | Noticed Natasha
  4185 | D:3      | Killed Natasha
  4186 | D:3      | Reached XP level 8. HP: 44/67 MP: 7/14
  4523 | D:4      | Noticed Duvessa
  4559 | D:3      | HP: 2/67 [something (2)]
  4561 | D:3      | Gained mutation: You are partially covered in iridescent
                  | scales. (AC +2) [potion of mutation]
  4561 | D:3      | Gained mutation: You are strong-willed. (Will+) [potion of
                  | mutation]
  4561 | D:3      | Slain by an orc wizard

Illustrated notes

Levels and vault maps discovered:
D:1:      scummos_arrival_gate, layout_basic
D:2:      layout_loops_ring, dreamdust_ecumenical_altar_drowned_temple,
          chequers_serial_rivers_room_b, nicolae_grassy_gnolls
D:3:      layout_rooms, mainiacjoe_overflow_catwalk, gammafunk_ghost_necromancy,
          kennysheep_crisscross, uniq_grinder, uniq_jessica, uniq_natasha
D:4:      layout_cave_pools, grunt_temple_overflow_open,
          nzn_hepliaklqana_mist_gate, portal_sewer_entry_f,
          hangedman_decor_slide_cut, chequers_jeans, uniq_duvessa

Skill      XL: |  1  2  3  4  5  6  7 |
---------------+----------------------+-----
Invocations    | 1 2 3 |  3.2
Short Blades   | 1 2 |  2.9
Long Blades    | 1 2 |  2.9
Axes           | 1 2 |  2.9
Maces & Flails | 1 2 |  2.9
Polearms       | 1 2 |  2.9
Staves         | 1 2 |  2.9
Slings         | 1 2 |  2.9
Bows           | 1 2 |  2.9
Crossbows      | 1 2 |  2.9
Armour         | 1 2 |  2.9
Dodging        | 1 2 |  2.9
Stealth        | 1 2 |  2.9
Shields        | 1 2 |  2.9
Unarmed Combat | 1 2 |  2.9
Evocations     | 1 2 |  2.9
Spellcasting   | 3 4 |  4.1
Conjurations   | 1 2 |  2.3
Hexes          | 1 2 |  2.3
Summonings     | 1 2 |  2.3
Necromancy     | 1 2 |  2.3
Translocations | 1 2 |  2.3
Transmutations | 1 2 |  2.3
Fire Magic     | 1 2 |  2.3
Ice Magic      | 1 2 |  2.3
Air Magic      | 1 2 |  2.3
Poison Magic   | 1 2 |  2.3
Fighting       | 7 |  7.2
Throwing       | 7 |  7.2
Earth Magic    | 6 |  6.0

Action                   |  1- 3 |  4- 6 |  7- 9 || total
-------------------------+-------+-------+-------++-------
Melee: Dagger            |    15 |    87 |   130 ||   232
       Bite              |       |    10 |     9 ||    19
       Punch             |       |     1 |     3 ||     4
 Cast: Sandblast         |    20 |    39 |    55 ||   114
Evoke: Wand              |       |       |     2 ||     2
  Use: Potion            |       |     1 |     4 ||     5
       Scroll            |       |       |     1 ||     1
 Stab: Sleeping          |       |     1 |       ||     1
Armor: Robe              |     2 |       |       ||     2
       Leather armour    |       |    35 |    53 ||    88
Dodge: Dodged            |     9 |    66 |   149 ||   224

Table legend: (Time is in decaauts)
 A = Elapsed time spent in this place.
 B = Non-inter-level travel time spent in this place.
 C = Inter-level travel time spent in this place.
 D = Time resting spent in this place.
 E = Time spent auto-exploring this place.
 F = Levels seen in this place.
 G = Mean time per level.
                   A        B        C        D        E       F      G
               +--------+--------+--------+--------+--------+-----+--------+
         Total |   4572 |   4488 |     84 |    428 |   3085 |   5 |  914.4 |
       Dungeon |   3365 |   3281 |     84 |    428 |   2220 |   4 |  841.2 |
         Sewer |   1207 |   1207 |      0 |      0 |    865 |   1 | 1207.0 |
               +--------+--------+--------+--------+--------+-----+--------+

Top non-repeatable levels by time:
     D:3: 1438 daAuts
   Sewer: 1207 daAuts
     D:2: 1089 daAuts
     D:1: 736 daAuts
     D:4: 101 daAuts
